 Dungeon Crawl Stone Soup version 0.27.1-1-g398f81649c (webtiles) character file.

Game seed: 15424855922652639829

31470 MisterFreud the Blocker (level 13, -1/104 HPs)
             Began as a Gnoll Fighter on Sept 7, 2021.
             Was a High Priest of Yredelemnul.
             Slain by a komodo dragon (21 damage)
             ... on level 5 of the Lair of Beasts on Sept 8, 2021.
             The game lasted 00:33:28 (20121 turns).

MisterFreud the Blocker (Gnoll Fighter)            Turns: 20121, Time: 00:33:28

Health: -1/104     AC: 20    Str: 13    XL:     13   Next: 58%
Magic:  25/25      EV:  8    Int: 13    God:    Yredelemnul [*****.]
Gold:   868        SH: 12    Dex: 11    Spells: 27/28 levels left

rFire    + + .     SeeInvis .   J - +4 rapier "Vugesuch" {spect, rPois rF+ rN++ Str-3}
rCold    . . .     Faith    .   c - +1 kite shield
rNeg     + + .     Spirit   .   p - +4 chain mail of Unreason {Harm Rampage Regen+ rCorr}
rPois    +         Reflect  .   (no helmet)
rElec    .         Harm     +   (no cloak)
rCorr    +         Rampage  +   X - +0 pair of gloves
Will     .....                  r - +2 pair of boots
Stlth    +.........             O - amulet of regeneration
HPRegen  2.27/turn              s - ring of flight
MPRegen  0.19/turn              I - ring of protection from fire

@: flying, studying Air Magic
A: fangs 1, strong nose, distributed training
a: Renounce Religion, Recall Undead Slaves, Injury Mirror, Animate Dead, Drain
Life, Enslave Soul


You were on level 5 of the Lair of Beasts.
You worshipped Yredelemnul.
Yredelemnul was extremely pleased with you.
You visited 2 branches of the dungeon, and saw 18 of its levels.
You visited 1 bazaar.

You collected 1163 gold pieces.
You spent 295 gold pieces at shops.

Inventory:

Hand Weapons
 a - a +0 rapier of draining
 g - a +3 demon trident of venom
 t - a +0 short sword of distortion
 x - a +2 falchion of flaming
 J - the +4 rapier "Vugesuch" (weapon) {spect, rPois rF+ rN++ Str-3}
   (You took it off a wight on level 7 of the Dungeon)

   When its wielder attacks, the weapon's spirit leaps out and strikes again.
   The spirit shares a part of any damage it takes with its wielder.
   Str:       It affects your strength (-3).
   rF:        It protects you from fire.
   rPois:     It protects you from poison.
   rN:        It greatly protects you from negative energy.
Missiles
 u - 56 poisoned darts (quivered)
 w - 13 boomerangs
 B - 4 javelins
Armour
 c - a +1 kite shield (worn)
 p - the +4 chain mail of Unreason (worn) {Harm Rampage Regen+ rCorr}
   (You bought it in a shop in a bazaar)

   Regen:     It increases your rate of health regeneration.
   rCorr:     It protects you from acid and corrosion.
   Harm:      It increases damage dealt and taken.
   Rampage:   It bestows one free step when moving towards enemies.
 r - a +2 pair of boots (worn)
 X - a +0 pair of gloves (worn)
Jewellery
 d - a ring of magical power
 k - a ring of wizardry
 s - a ring of flight (left hand)
 F - a ring of ice
 I - a ring of protection from fire (right hand)
 L - a ring of wizardry
 M - a ring of protection from cold
 O - an amulet of regeneration (around neck)
 V - an amulet of magic regeneration
Wands
 m - a wand of iceblast (25)
 o - a wand of digging (16)
 A - a wand of polymorph (5)
 D - a wand of mindburst (7)
 Q - a wand of charming (18)
 R - a wand of acid (18)
Scrolls
 e - 5 scrolls of enchant armour
 j - 8 scrolls of teleportation
 l - 12 scrolls of identify
 n - 3 scrolls of immolation
 q - 5 scrolls of fog
 v - 3 scrolls of noise
 y - a scroll of vulnerability
 z - 4 scrolls of amnesia
 S - 2 scrolls of fear
 T - a scroll of blinking
Potions
 b - a potion of heal wounds
 f - 9 potions of curing
 h - 3 potions of berserk rage
 i - 5 potions of attraction
 C - 2 potions of flight
 E - a potion of degeneration
 G - a potion of cancellation
 H - 2 potions of haste
 N - 3 potions of mutation
 W - 2 potions of lignification
Miscellaneous
 K - a piece from Xom's chessboard (15/15)
 P - a box of beasts
 U - a condenser vane (inert)


   Skills:
 + Level 10.6 Fighting
 + Level 9.6 Short Blades
 + Level 8.4 Long Blades
 + Level 8.4 Axes
 + Level 8.4 Maces & Flails
 + Level 8.4 Polearms
 + Level 8.4 Staves
 + Level 8.4 Slings
 + Level 8.4 Bows
 + Level 8.4 Crossbows
 + Level 8.4 Throwing
 + Level 10.6 Armour
 + Level 8.4 Dodging
 + Level 8.4 Stealth
 + Level 10.6 Shields
 + Level 8.4 Unarmed Combat
 + Level 8.4 Spellcasting
 + Level 7.0 Conjurations
 + Level 7.0 Hexes
 + Level 7.0 Summonings
 + Level 7.0 Necromancy
 + Level 7.0 Translocations
 + Level 7.0 Transmutations
 + Level 7.0 Fire Magic
 + Level 7.0 Ice Magic
 + Level 9.1 Air Magic
 + Level 7.0 Earth Magic
 + Level 7.0 Poison Magic
 + Level 9.2 Invocations
 + Level 8.4 Evocations


You had 27 spell levels left.
You knew the following spells:

 Your Spells              Type           Power      Damage    Failure   Level
a - Apportation           Tloc           46%        N/A       22%         1

Your spell library contained the following spells:

 Spells                   Type           Power      Damage    Failure   Level
 Animate Skeleton         Necr           46%        N/A       22%         1
 Corona                   Hex            25%        N/A       22%         1
 Freeze                   Ice            92%        1d10      22%         1
 Magic Dart               Conj           92%        1d7       22%         1
 Summon Small Mammal      Summ           92%        N/A       22%         1
 Blink                    Tloc           N/A        N/A       32%         2
 Searing Ray              Conj           46%        3d4       32%         2
 Conjure Flame            Conj/Fire      23%        6-21      54%         3
 Frozen Ramparts          Ice            46%        1d6       54%         3
 Ignite Poison            Fire/Tmut/Pois 23%        N/A       54%         3
 Inner Flame              Hex/Fire       23%        N/A       54%         3
 Lesser Beckoning         Tloc           11%        N/A       54%         3
 Cause Fear               Hex            11%        N/A       91%         4
 Fulminant Prism          Conj/Hex       11%        3d9       91%         4
 Hailstorm                Conj/Ice       23%        3d7       91%         4
 Sticky Flame             Conj/Fire      23%        2d4       91%         4
 Blade Hands              Tmut           11%        N/A       99%         5
 Irradiate                Conj/Tmut      11%        3d17      99%         5
 Manifold Assault         Tloc           23%        N/A       99%         5
 Dragon Form              Tmut           11%        N/A       100%        7
 Discord                  Hex            11%        N/A       100%        8


Dungeon Overview and Level Annotations

Branches:
Dungeon (13/15)            Temple (0/1) D:6            Lair (5/6) D:8
 Shoals (0/4) Lair:2       Spider (0/4) Lair:4          Orc (0/2) D:11
  Slime: Lair:5-6    Vaults: D:13-14

Altars:
Fedhas
Gozag
Hepliaklqana
Kikubaaqudgha
Makhleb
Qazlal
Sif Muna
Trog
Vehumet
Wu Jian
Yredelemnul
Jiyva

Shops:
D:7 (   D:9 *   D:10 *

Annotations:
D:4 exclusion: statue
D:7 2 transporters, Shym's ghost, novice BaIE
D:10 exclusion: obsidian statue
D:11 2 transporters, MrNoob's ghost, journeyman MiBe
D:12 exclusion: obsidian statue
Lair:5 1 runed translucent door


Innate Abilities, Weirdness & Mutations

You have very sharp teeth.
Your uncanny sense of smell can sniff out nearby items.
Your experience applies equally to all skills.


Message History

The komodo dragon hisses angrily. x2; The black bear growls angrily.
You hear a bleat!
A dream sheep comes into view.
Found a stone staircase leading down.
There is a stone staircase leading up here.
You barely miss the black bear.
Your +4 rapier "Vugesuch" {spect, rPois rF+ rN++ Str-3} hits the black bear!
You block the black bear's attack. x3
The dream sheep ruffles its wool and motes of dream dust sparkle, to no effect.
You puncture the black bear! Your bite misses the black bear.
The black bear is heavily wounded.
Your +4 rapier "Vugesuch" {spect, rPois rF+ rN++ Str-3} hits the black bear!
You kill the black bear!
Yredelemnul accepts your kill.
The dream sheep ruffles its wool and motes of dream dust sparkle, to no effect.
A dream sheep comes into view.
The dream sheep bleats!
You hit the komodo dragon.
The komodo dragon is lightly wounded.
Your +4 rapier "Vugesuch" {spect, rPois rF+ rN++ Str-3} hits the komodo dragon!
You block the komodo dragon's attack.
You hit the komodo dragon.
The komodo dragon is moderately wounded.
Your +4 rapier "Vugesuch" {spect, rPois rF+ rN++ Str-3} hits the komodo dragon.
A dream sheep comes into view.
The dream sheep shake their wool and sparkle.
You feel drowsy...
You fall asleep.
The komodo dragon closely misses your +4 rapier "Vugesuch" {spect, rPois rF+ rN++ Str-3}.
A dream sheep comes into view.
The dream sheep bleats!
You hear an angry growl.
A dream sheep comes into view. x2
The komodo dragon completely misses you.
The dream sheep bleats!
The komodo dragon closely misses you. The komodo dragon barely misses you.
The komodo dragon bites you!!!
You wake up.
Ouch! That really hurt!
* * * LOW HITPOINT WARNING * * *
The komodo dragon bites you!!
You die...
Your body rises from the dead as a mindless zombie.

#...#.........
##.....$......#
#...........
#...........
#...........
##...........
#P...........
#P..<...P....
#....@l......
##...#l#.#.#.
#.....Y...
##..#.YYY..
###....Y...
#.Y.....
...>... .......


You could see 2 komodo dragons and 6 dream sheep.

Vanquished Creatures
  4 hydras
  A centaur warrior (D:13)
  2 two-headed ogres (D:11)
  Nergalle (D:8)
  A lindwurm (D:13)
  A manticore (D:12)
  An elephant (Lair:4)
  2 cyclopes (D:13)
  2 black mambas
  A black mamba (shapeshifter) (D:11)
  A gargoyle (D:12)
  A rime drake (Lair:1)
  An unseen horror (D:13)
  7 cane toads
  4 komodo dragons
  2 polar bears
  2 trolls
  10 blink frogs
  A slime creature (D:12)
  3 shadows
  A wyvern (D:10)
  37 yaks
  A hog (shapeshifter) (D:13)
  3 wraiths
  13 vampire mosquitoes
  2 basilisks
  Edmund (D:6)
  10 water moccasins
  An acid dragon (D:10)
  An ice beast (D:7)
  6 orc warriors
  A black bear (Lair:5)
  17 wolves
  An ogre (D:5)
  2 phantoms
  15 centaurs
  9 bullfrogs
  4 kobold brigands
  A gnoll sergeant (D:9)
  5 wights
  4 electric eels
  6 howler monkeys
  2 centaur zombies
  3 iron imps (D:8)
  8 hounds
  A bullfrog skeleton (D:6)
  3 centaur skeletons
  4 orc priests
  Ijyb (D:5)
  3 iguanas
  5 orc wizards
  2 killer bee zombies (D:7)
  4 ogre zombies (D:11)
  A hound skeleton (D:4)
  2 howler monkey zombies
  A howler monkey skeleton (D:7)
  8 gnolls
  7 adders
  A shadow imp (D:5)
  3 white imps
  An ufetubus (D:5)
  2 worms
  31 orcs
  4 bats
  3 endoplasms
  13 giant cockroaches
  8 goblins
  7 hobgoblins
  2 jackals (D:2)
  20 kobolds
  4 quokkas
  4 ball pythons
  6 frilled lizards
  2 goblin skeletons (D:11)
  A goblin zombie (D:11)
  A hobgoblin zombie (D:11)
  2 orc skeletons (D:11)
  8 orc zombies (D:11)
  7 rats
374 creatures vanquished.

Vanquished Creatures (collateral kills)
  2 cane toads
  A blink frog (Lair:1)
  4 yaks (Lair:1)
  An acid dragon (D:11)
  A phantom (D:11)
  A troll zombie (D:11)
  An ogre zombie (D:11)
  A goblin skeleton (D:11)
  2 hobgoblin zombies (D:11)
  2 orc zombies (D:11)
16 creatures vanquished.

Vanquished Creatures (others)
  3 flying skulls (Lair:1)
  3 wraiths
  7 fungi
  28 plants
  3 toadstools (D:1)
44 creatures vanquished.

Grand Total: 434 creatures vanquished

Notes
Turn   | Place    | Note
-------+----------+-------------------------------------------
     0 | D:1      | MisterFreud the Gnoll Fighter began the quest for the Orb.
     0 | D:1      | Reached XP level 1. HP: 23/23 MP: 1/1
   333 | D:1      | Reached XP level 2. HP: 29/29 MP: 2/2
   811 | D:2      | Reached XP level 3. HP: 35/35 MP: 3/3
   836 | D:2      | Found a basalt altar of Yredelemnul.
   874 | D:2      | You fall into a shaft and drop 2 floors!
   923 | D:4      | Reached skill level 1 in Invocations
  1198 | D:4      | Reached skill level 1 in Long Blades
  1198 | D:4      | Reached skill level 1 in Axes
  1198 | D:4      | Reached skill level 1 in Maces & Flails
  1198 | D:4      | Reached skill level 1 in Polearms
  1198 | D:4      | Reached skill level 1 in Staves
  1198 | D:4      | Reached skill level 1 in Slings
  1198 | D:4      | Reached skill level 1 in Bows
  1198 | D:4      | Reached skill level 1 in Crossbows
  1198 | D:4      | Reached skill level 1 in Throwing
  1198 | D:4      | Reached skill level 1 in Dodging
  1198 | D:4      | Reached skill level 1 in Stealth
  1198 | D:4      | Reached skill level 1 in Unarmed Combat
  1198 | D:4      | Reached skill level 1 in Spellcasting
  1198 | D:4      | Reached skill level 1 in Evocations
  1318 | D:3      | Reached XP level 4. HP: 35/41 MP: 5/5
  1745 | D:3      | Reached skill level 1 in Conjurations
  1745 | D:3      | Reached skill level 1 in Hexes
  1745 | D:3      | Reached skill level 1 in Summonings
  1745 | D:3      | Reached skill level 1 in Necromancy
  1745 | D:3      | Reached skill level 1 in Translocations
  1745 | D:3      | Reached skill level 1 in Transmutations
  1745 | D:3      | Reached skill level 1 in Fire Magic
  1745 | D:3      | Reached skill level 1 in Ice Magic
  1745 | D:3      | Reached skill level 1 in Air Magic
  1745 | D:3      | Reached skill level 1 in Earth Magic
  1745 | D:3      | Reached skill level 1 in Poison Magic
  2239 | D:2      | Reached XP level 5. HP: 46/47 MP: 6/6
  2520 | D:3      | Found a bloodstained altar of Trog.
  2520 | D:3      | Found a stormy altar of Qazlal.
  2594 | D:2      | Became a worshipper of Yredelemnul the Dark
  3136 | D:4      | Found a radiant altar of Vehumet.
  3136 | D:4      | Noticed a frost-covered statue
  3407 | D:5      | Entered Level 5 of the Dungeon
  3427 | D:5      | Noticed Ijyb
  3455 | D:5      | Killed Ijyb
  3781 | D:5      | HP: 1/47 [orc (7)]
  4445 | D:5      | Reached XP level 6. HP: 53/53 MP: 8/8
  4630 | D:5      | Reached skill level 5 in Short Blades
  4943 | D:5      | Reached XP level 7. HP: 59/59 MP: 10/10
  4960 | D:5      | Found an ornate altar of the Wu Jian Council.
  5152 | D:5      | Found an opulent altar of Gozag.
  5506 | D:6      | Reached * piety under Yredelemnul
  5764 | D:6      | Reached XP level 8. HP: 47/67 MP: 12/12
  6076 | D:6      | Noticed Edmund
  6104 | D:6      | Killed Edmund
  6472 | D:6      | Found a staircase to the Ecumenical Temple.
  7363 | D:7      | Found a transporter.
  7700 | D:7      | Reached ** piety under Yredelemnul
  7705 | D:7      | Found an ancient bone altar of Kikubaaqudgha.
  7717 | D:7      | Reached XP level 9. HP: 62/72 MP: 14/14
  7957 | D:7      | Found Reci Ebu's Weapon Boutique.
  8051 | D:7      | Found a transporter.
  8060 | D:7      | Noticed Shym's ghost (novice BaIE)
  8113 | D:8      | Found a burning altar of Makhleb.
  8475 | D:8      | Found the +8 whip "Snakebite" {venom, curare, rPois}
  8850 | D:8      | Noticed a troll
  8881 | D:8      | Killed a troll
  9271 | D:8      | Reached skill level 5 in Invocations
 10275 | D:8      | Identified the +4 rapier "Vugesuch" {spect, rPois rF+ rN++
                  | Str-3}
 10919 | D:8      | Found a staircase to the Lair.
 12134 | D:9      | Found Ushaid's Serpentskin Sales.
 12302 | D:9      | Reached XP level 10. HP: 77/79 MP: 17/17
 12455 | D:9      | Reached skill level 5 in Long Blades
 12455 | D:9      | Reached skill level 5 in Axes
 12455 | D:9      | Reached skill level 5 in Maces & Flails
 12455 | D:9      | Reached skill level 5 in Polearms
 12455 | D:9      | Reached skill level 5 in Staves
 12455 | D:9      | Reached skill level 5 in Slings
 12455 | D:9      | Reached skill level 5 in Bows
 12455 | D:9      | Reached skill level 5 in Crossbows
 12455 | D:9      | Reached skill level 5 in Throwing
 12455 | D:9      | Reached skill level 5 in Dodging
 12455 | D:9      | Reached skill level 5 in Stealth
 12455 | D:9      | Reached skill level 5 in Unarmed Combat
 12455 | D:9      | Reached skill level 5 in Spellcasting
 12455 | D:9      | Reached skill level 5 in Evocations
 13134 | D:9      | Found a shimmering blue altar of Sif Muna.
 13583 | D:10     | Entered Level 10 of the Dungeon
 13875 | D:10     | Found Funnonir's Mass Market.
 14066 | D:10     | Found a hazy altar of Hepliaklqana.
 14206 | D:10     | Found a blossoming altar of Fedhas.
 14229 | D:10     | Reached *** piety under Yredelemnul
 14269 | D:10     | Reached skill level 5 in Air Magic
 14272 | D:10     | Noticed an obsidian statue
 14276 | D:10     | Learned a level 1 spell: Apportation
 14784 | D:11     | Noticed a cyclops
 14785 | D:11     | Found a transporter.
 14787 | D:11     | Noticed a two-headed ogre
 14799 | D:11     | Found a transporter.
 14802 | D:11     | Noticed MrNoob's ghost (journeyman MiBe)
 14803 | D:11     | Found a bloodstained altar of Trog.
 14819 | D:11     | Received a gift from Yredelemnul (a wight)
 14819 | D:11     | Noticed a moth of wrath
 14890 | D:11     | Noticed a guardian serpent
 14895 | D:11     | Noticed a black mamba
 14895 | D:11     | a guardian serpent changed into a black mamba
 14896 | D:11     | Killed a black mamba
 15002 | D:11     | Found a staircase to the Orcish Mines.
 15032 | D:11     | Reached XP level 11. HP: 72/87 MP: 19/19
 15072 | D:11     | Received a gift from Yredelemnul (a mummy)
 15210 | D:11     | Noticed a two-headed ogre
 15218 | D:11     | Killed a two-headed ogre
 15477 | D:11     | Noticed a two-headed ogre
 15492 | D:11     | Killed a two-headed ogre
 15493 | D:11     | Reached skill level 5 in Conjurations
 15493 | D:11     | Reached skill level 5 in Hexes
 15493 | D:11     | Reached skill level 5 in Summonings
 15493 | D:11     | Reached skill level 5 in Necromancy
 15493 | D:11     | Reached skill level 5 in Translocations
 15493 | D:11     | Reached skill level 5 in Transmutations
 15493 | D:11     | Reached skill level 5 in Fire Magic
 15493 | D:11     | Reached skill level 5 in Ice Magic
 15493 | D:11     | Reached skill level 5 in Earth Magic
 15493 | D:11     | Reached skill level 5 in Poison Magic
 15872 | D:12     | Noticed a manticore
 15873 | D:12     | Identified the +1 ring mail "Hueveargh" {Will- Int+7 SInv}
 15883 | D:12     | Killed a manticore
 15895 | D:12     | Noticed an obsidian statue
 15897 | D:12     | Identified a scroll of acquirement
 15897 | D:12     | Acquired a +3 demon trident of venom
 16037 | D:12     | Noticed a centaur warrior
 16045 | D:12     | HP: 2/89 [centaur/arrow[a centaur warrior] (14)]
 16073 | D:13     | Killed a centaur warrior
 16133 | D:13     | Noticed a cyclops
 16143 | D:13     | Killed a cyclops
 16185 | D:13     | Noticed a lindwurm
 16186 | D:13     | Noticed a lindwurm
 16186 | D:13     | Noticed a lindwurm
 16198 | D:13     | Killed a lindwurm
 16291 | D:13     | Reached **** piety under Yredelemnul
 16372 | D:13     | Noticed a deep elf pyromancer
 16374 | D:13     | Noticed a deep elf pyromancer
 16380 | D:13     | Noticed a deep elf archer
 16380 | D:13     | Identified the +9 spear of Guile {vorpal, rF+ Str+4}
 16380 | D:13     | Noticed a deep elf pyromancer
 16390 | D:13     | Noticed a manticore
 16417 | D:13     | Noticed a boulder beetle
 16417 | D:13     | Noticed a catoblepas
 16441 | D:13     | Noticed a cyclops
 16455 | D:13     | Killed a cyclops
 16506 | D:12     | Found a flickering gateway to a bazaar.
 16515 | Bazaar   | Entered a bazaar
 16531 | Bazaar   | Found Tutwan's Antique Weapon Shoppe.
 16535 | Bazaar   | Found Poezuak's Weapon Emporium.
 16543 | Bazaar   | Found Bodone's Armour Boutique.
 16549 | Bazaar   | Found Yfratoto's Assorted Antiques.
 16561 | Bazaar   | Bought a wand of charming (10) for 36 gold pieces
 16569 | Bazaar   | Bought the +4 chain mail of Unreason {Harm Rampage Regen+
                  | rCorr} for 259 gold pieces
 16605 | D:12     | Reached XP level 12. HP: 96/96 MP: 22/22
 17037 | Lair:1   | Entered Level 1 of the Lair of Beasts
 17037 | Lair:1   | Noticed Nergalle
 17047 | D:8      | Killed Nergalle
 17270 | Lair:1   | Received a gift from Yredelemnul (3 flying skulls)
 17328 | Lair:1   | Noticed a four-headed hydra
 17338 | Lair:1   | Noticed an eight-headed hydra
 17372 | Lair:1   | Killed an eight-headed hydra
 17373 | Lair:1   | Reached skill level 10 in Fighting
 17373 | Lair:1   | Reached skill level 10 in Armour
 17373 | Lair:1   | Reached skill level 10 in Shields
 17420 | Lair:1   | Killed a four-headed hydra
 17442 | Lair:1   | Received a gift from Yredelemnul (a wraith)
 18109 | Lair:2   | Reached XP level 13. HP: 101/103 MP: 24/24
 18163 | Lair:2   | Reached ***** piety under Yredelemnul
 18218 | Lair:2   | Found a staircase to the Shoals.
 18226 | Lair:2   | Received a gift from Yredelemnul (a wraith)
 19309 | Lair:4   | Found a hole to the Spider Nest.
 19536 | Lair:4   | Found a stormy altar of Qazlal.
 20058 | Lair:5   | Received a gift from Yredelemnul (a wraith)
 20059 | Lair:5   | Found a runed translucent door.
 20059 | Lair:5   | Found a viscous altar of Jiyva.
 20121 | Lair:5   | Slain by a komodo dragon

Illustrated notes

Levels and vault maps discovered:
D:1:      onia_arrival_mini_maze_b, layout_rooms, minmay_gold_behind_fungi
D:2:      layout_rooms, basic_altar, minmay_tetromino_t4
D:3:      minmay_roachtagon, layout_loops_ring, gammafunk_temple_overflow_pools
D:4:      layout_loops_cross, vehumet_statue, hangedman_abyss_or_decor_passed
D:5:      layout_loops_corners, general_overflow_altar, grunt_gozag_statues,
          uniq_ijyb
D:6:      layout_basic, minmay_temple_entry_arrows, uniq_edmund
D:7:      layout_loops_ring, mainiacjoe_overflow_small_starburst,
          gammafunk_ghost_gnarly_gnolls, serial_shops, shop
D:8:      minmay_weird_star, layout_basic, demons_altar, erik_lair_island,
          kennysheep_diamond
D:9:      layout_stronghold, mainiacjoe_overflow_brackets, guppyfry_shop_venom
D:10:     layout_small_grid, lemuel_tele_altar, kennysheep_mini, minivault_15,
          minmay_shop_mass, grunt_ministairs_11, minmay_misc_feat_diagonals,
          minmay_misc_feat_alley, grunt_decor_clamped
D:11:     layout_loops_corners, zombieorc1_lemuel,
          gammafunk_ghost_wrathful_warriors
D:12:     layout_basic, serial_shops, bzr_entry_dummy, minivault_16
D:13:     layout_roguey, hangedman_vaults_entry_quadrant_bands,
          minmay_lindwurm_lava, uniq_urug
Lair:1:   layout_chaotic_city, minivault_11, st_stairs_11, beast_lair_carwin_9,
          uniq_nergalle
Lair:2:   layout_loops_ring, minmay_shoals_entry_centaurs
Lair:3:   layout_cave_shapes, serial_bayou_shore_a
Lair:4:   layout_regular_city, spider_nest_entry_web_field, basic_altar
Lair:5:   layout_hall_layers, slime_altar_2, chequers_serial_rivers_small_a,
          st_stairs_4, serial_bayou_ford_a

Skill      XL: |  1  2  3  4  5  6  7  8  9 10 11 12 13 |
---------------+----------------------------------------+-----
Invocations    | 1 2 3 4 5 6 7 8 9 |  9.2
Long Blades    | 1 2 3 4 5 6 7 8 |  8.4
Axes           | 1 2 3 4 5 6 7 8 |  8.4
Maces & Flails | 1 2 3 4 5 6 7 8 |  8.4
Polearms       | 1 2 3 4 5 6 7 8 |  8.4
Staves         | 1 2 3 4 5 6 7 8 |  8.4
Slings         | 1 2 3 4 5 6 7 8 |  8.4
Bows           | 1 2 3 4 5 6 7 8 |  8.4
Crossbows      | 1 2 3 4 5 6 7 8 |  8.4
Throwing       | 1 2 3 4 5 6 7 8 |  8.4
Dodging        | 1 2 3 4 5 6 7 8 |  8.4
Stealth        | 1 2 3 4 5 6 7 8 |  8.4
Unarmed Combat | 1 2 3 4 5 6 7 8 |  8.4
Spellcasting   | 1 2 3 4 5 6 7 8 |  8.4
Evocations     | 1 2 3 4 5 6 7 8 |  8.4
Conjurations   | 1 2 3 4 5 6 7 |  7.0
Hexes          | 1 2 3 4 5 6 7 |  7.0
Summonings     | 1 2 3 4 5 6 7 |  7.0
Necromancy     | 1 2 3 4 5 6 7 |  7.0
Translocations | 1 2 3 4 5 6 7 |  7.0
Transmutations | 1 2 3 4 5 6 7 |  7.0
Fire Magic     | 1 2 3 4 5 6 7 |  7.0
Ice Magic      | 1 2 3 4 5 6 7 |  7.0
Air Magic      | 1 2 3 4 5 7 8 9 |  9.1
Earth Magic    | 1 2 3 4 5 6 7 |  7.0
Poison Magic   | 1 2 3 4 5 6 7 |  7.0
Short Blades   | 5 6 7 8 9 |  9.6
Fighting       | 7 8 9 10 | 10.6
Armour         | 7 8 9 10 | 10.6
Shields        | 7 8 9 10 | 10.6

Action                   |  1- 3 |  4- 6 |  7- 9 | 10-12 | 13-15 || total
-------------------------+-------+-------+-------+-------+-------++-------
Melee: Rapier            |    87 |   230 |   621 |   706 |   167 ||  1811
       Bite              |     4 |    22 |    62 |    89 |    15 ||   192
Throw: Dart              |       |     3 |    35 |     6 |       ||    44
 Cast: Apportation       |       |       |       |     9 |       ||     9
Evoke: Wand              |       |       |     9 |     1 |     2 ||    12
       Piece from Xom's  |       |       |       |       |     3 ||     3
       Condenser vane    |       |       |       |       |     1 ||     1
  Use: Potion            |       |       |     1 |     4 |       ||     5
       Scroll            |       |       |       |    25 |     2 ||    27
 Stab: Distracted        |       |       |       |    10 |     3 ||    13
       Sleeping          |       |       |       |     2 |       ||     2
Armor: Scale mail        |    34 |    72 |   187 |   184 |       ||   477
       Chain mail        |       |       |       |   102 |    71 ||   173
Dodge: Dodged            |    16 |    70 |   199 |   225 |    32 ||   542
Block: Kite shield       |    43 |   105 |   333 |   386 |    69 ||   936
